 Dungeon Crawl Stone Soup version 0.18-a0-1468-gaf180a1 (console) character file.

15519 utis the Bludgeoner (level 12, -4/132 HPs)
             Began as an Ogre Berserker on Mar 1, 2016.
             Was a Priest of Trog.
             Slain by a blink frog (18 damage)
             ... on level 1 of the Lair of Beasts.
             The game lasted 00:49:56 (18079 turns).

utis the Bludgeoner (Ogre Berserker)               Turns: 18079, Time: 00:49:56

Health: -4/132     AC:  6    Str: 25    XL:     12   Next: 27%
Magic:  14/14      EV: 15    Int:  6    God:    Trog [***...]
Gold:   379        SH:  0    Dex: 15    Spells: 0 memorised, 11 levels left

rFire  . . .     SeeInvis .     a - +0 giant club
rCold  . . .     Gourm    .     k - +0 animal skin
rNeg   . . .     Faith    .     (shield currently unavailable)
rPois  .         Spirit   .     e - +2 hat
rElec  .         Dismiss  .     N - +0 cloak {+Inv}
rCorr  .         Reflect  .     (gloves unavailable)
SustAt .         Harm     .     (boots unavailable)
MR     ++++.                    (no amulet)
Stlth  ++........               X - +2 ring of dexterity
                                M - ring of protection from magic

@: very slightly contaminated, regenerating, hasted, very quick, incredibly
resistant to hostile enchantments, unstealthy
A: unfitting armour, tough skin 1
a: Berserk, Trog's Hand, Burn Spellbooks, Renounce Religion, Evoke Invisibility


You were on level 1 of the Lair of Beasts.
You worshipped Trog.
Trog was most pleased with you.
You were not hungry.

You visited 2 branches of the dungeon, and saw 11 of its levels.
You also visited: Sewer.

You collected 645 gold pieces.
You spent 266 gold pieces at shops.

Inventory:

Hand Weapons
 a - a +0 giant club (weapon)
 b - a +0 hunting sling
 c - a +0 blowgun {@w1}
 o - a +2 dagger of venom
 y - a +1 mace
 E - a +0 giant spiked club
 R - the +10 quarterstaff "Jaculaf" {antimagic, rF+ Str+5 Stlth-}
   (You found it on level 9 of the Dungeon)

   It disrupts the flow of magical energy around spellcasters and certain
   magical creatures (including the wielder).
   It affects your strength (+5).
   It protects you from fire.
   It makes you less stealthy.
 S - a +2 antimagic dire flail
 W - a +0 short sword of distortion {!w}
Missiles
 f - 47 sling bullets
 g - 5 sling bullets of frost
 j - 280 stones (quivered)
 m - 14 tomahawks
 C - 7 curare-tipped needles {=f}
 K - 3 throwing nets {=f}
Armour
 e - a +2 hat (worn)
 k - a +0 animal skin (worn)
 D - a +2 cloak
 N - a +0 cloak of invisibility (worn)
Jewellery
 u - an uncursed ring of sustain attributes
 M - a ring of protection from magic (left hand)
 U - an uncursed amulet of the gourmand {unknown}
 V - a cursed ring of loudness {unknown}
 X - a +2 ring of dexterity (right hand)
Wands
 z - a wand of iceblast (0/15)
 F - a wand of disintegration (13/24)
 J - a wand of digging (3/24)
Scrolls
 i - a scroll of summoning {unknown}
 s - a scroll of fear
 w - 4 scrolls of blinking
 A - 6 scrolls of teleportation {@r4}
 G - 2 scrolls of magic mapping
 H - a scroll of recharging
 L - a scroll of immolation {unknown}
 O - 2 scrolls of noise
 P - 2 scrolls of fog
 T - a scroll of identify {@r1}
 Y - 2 scrolls of remove curse {@r2}
Potions
 d - a potion of invisibility
 l - a potion of ambrosia
 n - 3 potions of cancellation
 p - 2 potions of brilliance
 q - 2 potions of haste {@q3}
 r - 3 potions of flight
 B - a potion of might
 I - 3 potions of lignification
 Q - a potion of curing {@q1}
Books
 v - an Akashic Record

   Spells                             Type                      Level
   a - Dispersal                      Translocation                6
   b - Malign Gateway                 Summoning/Translocation      7
   c - Disjunction                    Translocation                8
   d - Controlled Blink               Translocation                8
   Trog disapproves of the use of such an item.
Comestibles
 h - 7 meat rations {@e1}
 t - 7 royal jellies {@e3}
 x - 2 chunks of flesh
 Z - 4 bread rations {@e1}


   Skills:
 * Level 12.3 Fighting
 * Level 17.9 Maces & Flails
 + Level 4.0 Throwing
 * Level 8.9 Dodging
 - Level 3.2 Evocations


You had 11 spell levels left.
You didn't know any spells.

Dungeon Overview and Level Annotations

Branches:
Dungeon (10/15)            Temple (0/1) D:5            Lair (1/8) D:10
    Orc (0/2) D:9

Altars:
Ashenzari
Dithmenos
Elyvilon
Fedhas
Kikubaaqudgha
Makhleb
Nemelex Xobeh
Pakellas
Sif Muna
Trog
Vehumet
Xom
Yredelemnul
Zin
Beogh

Shops:
D:6 ?   D:8 *}

Annotations:
D:3 3 exclusions
D:9 exclusion: electric eel
D:10 exclusion: 6 lindwurms


Innate Abilities, Weirdness & Mutations

You are too large for most types of armour.
You have tough skin (AC +1).


Message History

Your skin crawls.
You feel resistant to hostile enchantments.
You feel slightly more hungry.
You can no longer call in reinforcements.
The blink frog misses you.
The blink frog blinks!
Unknown command.
You closely miss the blink frog.
The blink frog is almost dead.
The blink frog hits you!
* * * LOW HITPOINT WARNING * * *
Unknown command.
Drink which item? (? for menu, Esc to quit)
You feel yourself speed up. The blink frog misses you.
The blink frog blinks!
The blink frog barely misses you.
The blink frog blinks!
The blink frog closely misses you.
You are very lightly contaminated with residual magic.
Unknown command.
Drink which item? (? for menu, Esc to quit)
You feel better. The blink frog hits you!!
You die...

░....
..░░...⚶⚶⚵...░░....░░░░.
...§░░.░░.÷.⚵<⚶.⚶.....⚵..░
░.
░.....░░.....⚶...░...░..░░░.
░░.░..░░.........░░......░░.
░...F.░░░....⚶..░░░...░..░░⚵
░⚵..░.░░░░.....░░░░......░░░
░░.....░░░░░░░░░░░.......░░░
░░......░░░░░░░░░....➘....░░
░.........FOF§..§.........░░
░░....➘..░░░░...............
░⚶.......░░ ░░.............░
░░........░ ░.F...........░
░.➘...§F.░░ ░..............
░░........░ ░..............
░........░ ░..........░...
░........░ ░........░░░...
░░░░...░.░ ░.......░░░░░..


You could see 3 blink frogs.

Vanquished Creatures
  2 hill giants
  An elephant (D:10)
  2 komodo dragons (Lair:1)
  A queen bee (D:9)
  3 trolls (D:10)
  A two-headed ogre (D:9)
  A boulder beetle (D:9)
  3 blink frogs (Lair:1)
  A wraith (D:10)
  A wyvern (D:9)
  11 yaks
  2 basilisks (Lair:1)
  A hungry ghost (D:10)
  4 hippogriffs
  3 wolves (Lair:1)
  Edmund (D:6)
  3 water moccasins
  2 orc warriors
  2 porcupines (Lair:1)
  A black bear (D:8)
  A necrophage (D:9)
  4 ogres
  3 phantoms
  3 centaurs
  3 crocodiles
  2 big kobolds (Sewer)
  The ghost of Meriados the Artisan of Death, an amateur DENe of Kikubaaqudgha (D:3)
  A gnoll sergeant (D:9)
  7 giant frogs
  A water moccasin zombie (D:9)
  2 scorpions
  19 killer bees
  An electric eel (Lair:1)
  2 howler monkeys
  3 crimson imps
  2 giant frog zombies
  5 hounds
  7 orc wizards
  2 centaur skeletons
  8 orc priests
  3 giant frog skeletons
  Terence (D:2)
  2 iguanas (D:10)
  9 worker ants
  A sheep (D:10)
  A worker ant zombie (D:5)
  3 gnolls (D:9)
  22 adders
  4 river rats
  5 shadow imps
  3 oozes
  4 worms
  A dart slug (D:3)
  10 giant geckos
  29 orcs
  12 bats
  3 giant cockroaches
  6 hobgoblins
  7 jackals
  5 quokkas
  9 ball pythons
  A giant gecko skeleton (D:6)
  4 giant newts (D:1)
  5 goblins
  10 kobolds
  A quokka skeleton (D:8)
  9 rats
293 creatures vanquished.

Vanquished Creatures (collateral kills)
  Harold (D:10)
  Sonja (D:10)
  A troll (D:10)
  A centaur (D:10)
4 creatures vanquished.

Vanquished Creatures (others)
  A wizard (D:8)
1 creature vanquished.

Grand Total: 298 creatures vanquished

Notes
Turn   | Place    | Note
--------------------------------------------------------------
     0 | D:1      | utis the Ogre Berserker began the quest for the Orb.
     0 | D:1      | Reached XP level 1. HP: 24/24 MP: 1/1
   560 | D:1      | Reached XP level 2. HP: 28/32 MP: 2/2
  1125 | D:1      | Reached XP level 3. HP: 40/40 MP: 3/3
  1266 | D:1      | Reached ** piety under Trog
  1721 | D:2      | Found a faded altar to an unknown god.
  1792 | D:2      | Noticed Terence
  1802 | D:2      | Killed Terence
  1802 | D:2      | Reached skill level 5 in Maces & Flails
  1802 | D:2      | Reached XP level 4. HP: 49/49 MP: 4/4
  1945 | D:2      | Reached skill level 5 in Fighting
  2513 | D:3      | Found a glowing drain.
  2517 | Sewer    | Entered a sewer
  2531 | Sewer    | Reached XP level 5. HP: 51/57 MP: 5/5
  2793 | Sewer    | Noticed a big kobold
  2813 | Sewer    | Killed a big kobold
  2813 | Sewer    | Reached skill level 6 in Maces & Flails
  2813 | Sewer    | Reached XP level 6. HP: 67/67 MP: 6/6
  2986 | Sewer    | Reached *** piety under Trog
  3641 | D:3      | Noticed Meriados's ghost (amateur DENe)
  4072 | D:3      | Killed Meriados's ghost
  4208 | D:3      | Reached XP level 7. HP: 69/76 MP: 7/7
  4401 | D:4      | Found a sparkling altar of Nemelex Xobeh.
  4559 | D:4      | Reached skill level 7 in Maces & Flails
  5188 | D:5      | Entered Level 5 of the Dungeon
  5303 | D:5      | Found a staircase to the Ecumenical Temple.
  5491 | D:5      | Reached **** piety under Trog
  5491 | D:5      | Reached skill level 5 in Dodging
  5967 | D:5      | Reached XP level 8. HP: 86/88 MP: 8/8
  6069 | D:5      | Reached skill level 8 in Maces & Flails
  6922 | D:6      | Noticed Edmund
  6925 | D:6      | Found Helexzur's Magic Scroll Emporium.
  6941 | D:6      | Killed Edmund
  7003 | D:6      | Bought a scroll of fog for 26 gold pieces
  7003 | D:6      | Bought a scroll of teleportation for 39 gold pieces
  7003 | D:6      | Bought a scroll of identify for 26 gold pieces
  7003 | D:6      | Bought a scroll of identify for 26 gold pieces
  7007 | D:6      | Bought a scroll of identify for 26 gold pieces
  7007 | D:6      | Bought a scroll of identify for 26 gold pieces
  7373 | D:6      | Reached skill level 9 in Maces & Flails
  7956 | D:7      | Reached ***** piety under Trog
  8001 | D:7      | Reached XP level 9. HP: 96/98 MP: 9/9
  8299 | D:7      | Reached skill level 1 in Evocations
  8752 | D:7      | Reached skill level 16 in Maces & Flails
  8752 | D:7      | Reached XP level 10. HP: 110/110 MP: 11/11
  8842 | D:8      | wow!
  8887 | D:8      | Reached skill level 10 in Fighting
  8928 | D:8      | Noticed a hill giant
  8953 | D:8      | Killed a hill giant
  9057 | D:8      | Found a bloodstained altar of Trog.
  9060 | D:8      | Noticed a wizard
  9066 | D:8      | Killed a wizard
  9165 | D:8      | Found Oqemieme's General Store.
  9303 | D:8      | Bought a scroll of enchant armour for 97 gold pieces
  9563 | D:8      | Found an oddly glowing altar of Pakellas.
  9563 | D:8      | Found Pakellas's Prime Provisions.
  9694 | D:8      | Found a deep blue altar of Sif Muna.
  9695 | D:8      | Found a sparkling altar of Nemelex Xobeh.
  9697 | D:8      | Found a glowing silver altar of Zin.
  9699 | D:8      | Found a shattered altar of Ashenzari.
  9701 | D:8      | Found a shadowy altar of Dithmenos.
  9701 | D:8      | Found a shimmering altar of Xom.
  9701 | D:8      | Found a radiant altar of Vehumet.
  9701 | D:8      | Found a burning altar of Makhleb.
  9702 | D:8      | Found a blossoming altar of Fedhas.
  9703 | D:8      | Found a basalt altar of Yredelemnul.
  9704 | D:8      | Found an ancient bone altar of Kikubaaqudgha.
  9705 | D:8      | Found a bloodstained altar of Trog.
  9781 | D:9      | Reached skill level 1 in Throwing
  9859 | D:9      | Found a white marble altar of Elyvilon.
 10192 | D:9      | Reached XP level 11. HP: 80/119 MP: 12/12
 10564 | D:9      | Got a steaming quarterstaff
 10565 | D:9      | Identified the +10 quarterstaff "Jaculaf" {antimagic, rF+ Str+5 Stlth-} (You found it on level 9 of the Dungeon)
 10739 | D:9      | Found a staircase to the Orcish Mines.
 11028 | D:9      | Found a roughly hewn altar of Beogh.
 11414 | D:9      | Reached skill level 17 in Maces & Flails
 11503 | D:9      | Received a gift from Trog
 11522 | D:9      | HP: 4/119 [poisoned by a killer bee]
 11524 | D:9      | HP: 1/119 [poisoned by a killer bee]
 13220 | D:10     | Entered Level 10 of the Dungeon
 13667 | D:10     | Noticed Sonja
 14335 | D:10     | Noticed a lindwurm
 14511 | D:10     | Noticed a lindwurm
 14513 | D:10     | Noticed a lindwurm
 14583 | D:10     | Noticed a hill giant
 14599 | D:10     | Killed a hill giant
 14901 | D:10     | hmmm
 15267 | D:10     | Noticed a lindwurm
 15286 | D:10     | Found a staircase to the Lair.
 15660 | D:10     | Killed Sonja
 15664 | D:10     | Reached XP level 12. HP: 83/131 MP: 14/14
 16178 | D:10     | Noticed Harold
 16183 | D:10     | Killed Harold
 16513 | Lair:1   | Entered Level 1 of the Lair of Beasts
 18077 | Lair:1   | HP: 1/132 [blink frog (14)]
 18079 | Lair:1   | Slain by a blink frog

Vault maps used:
D:1:      elethiomel_arrival_quiet, serial_forest, infiniplex_forest_end_3,
          infiniplex_forest_lined_3_way, infiniplex_forest_straight_2,
          infiniplex_forest_lined_ring, infiniplex_forest_lined_room_,
          infiniplex_forest_straight_2, infiniplex_forest_join,
          infiniplex_forest_straight_4, infiniplex_forest_pool
D:2:      ecumenical_altar_2, uniq_terence
D:3:      first_bread, gup_sewer_entry_bowl, minmay_hedge_maze
D:4:      nemelex_deck
D:5:      temple_doors_a, kennysheep_path_1
D:6:      serial_shops, shop_scrolls, uniq_edmund
D:8:      johnstein_pakellas_shop, minitemple, serial_shops, shop_statue,
          trog_wizard
D:9:      boulder_indie, lemuel_doored_altar, minmay_orc_entry_temple_large,
          serial_bayou, serial_bayou_shore_b, serial_bayou_shore_a,
          serial_bayou_shore_b, serial_bayou_shore_b, david_nohive_1
D:10:     david_lair_generic, minmay_lindwurm_lava, uniq_sonja, uniq_harold
Lair:1:   fungi_pond_lemuel, cheibrodos_lair_reptile_den, grunt_megastairs_1,
          serial_bayou_shore_b
Sewer:    sewer_co_15_rooms

Skill      XL: |  1  2  3  4  5  6  7  8  9 10 11 12 |
---------------+-------------------------------------+-----
Dodging        | 3 4 5 6 7 8 |  8.9
Maces & Flails | 5 6 7 9 16 17 | 17.9
Fighting       | 5 6 7 9 10 11 12 | 12.3
Evocations     | 1 2 3 |  3.2
Throwing       | 1 3 4 |  4.0

Action                   |  1- 3 |  4- 6 |  7- 9 | 10-12 || total
-------------------------+-------+-------+-------+-------++-------
Melee: Mace              |    94 |   142 |     6 |       ||   242
       Giant club        |       |       |   237 |   510 ||   747
       Flail             |       |       |     4 |       ||     4
       Giant spiked club |       |       |       |     8 ||     8
       Quarterstaff      |       |       |       |     5 ||     5
 Fire: Hunting sling     |     6 |    72 |     5 |     3 ||    86
Throw: Stone             |     6 |    18 |    34 |    54 ||   112
Invok: Berserk           |     5 |     3 |     2 |     9 ||    19
       Burn Spellbooks   |       |       |     1 |       ||     1
       Brothers in Arms  |       |       |       |     5 ||     5
       Trog's Hand       |       |       |       |     4 ||     4
 Abil: Evoke Invisibilit |       |       |       |     2 ||     2
Evoke: Wand              |       |       |       |     1 ||     1
  Use: Scroll            |     2 |     5 |    14 |     7 ||    28
       Potion            |       |       |     1 |     5 ||     6
 Stab: Sleeping          |     1 |       |     1 |     1 ||     3
       Invisible         |       |       |       |     2 ||     2
  Eat: Chunk             |     7 |    12 |    17 |    36 ||    72
       Beef jerky        |       |       |       |     1 ||     1
       Meat ration       |       |       |       |     1 ||     1
